 Dungeon Crawl Stone Soup version 0.31-a0-632-g766dd24fdf (webtiles) character file.

Game seed: 7226561340789081869

217 thirtiethelement the Shooter (level 5, 0/58 HPs)
             Began as a Demonspawn Hunter on Aug 26, 2023.
             Succumbed to a scorpion's poison
             ... on level 4 of the Dungeon.
             The game lasted 00:03:41 (2325 turns).

thirtiethelement the Shooter (Demonspawn Hunter)    Turns: 2325, Time: 00:03:41

Health: 0/58       AC: 22    Str: 11    XL:     5   Next: 62%
Magic:  0/5        EV:  2    Int: 11    God:
Gold:   248        SH:  0    Dex: 18    Spells: 4/4 levels left

rFire   + . .        a - +0 shortbow
rCold   + . .        (shield currently unavailable)
rNeg    . . .        c - melded +0 leather armour
rPois   +            q - melded +0 helmet
rElec   +            (cloak currently unavailable)
rCorr   +            (gloves currently unavailable)
SInv    .            (boots currently unavailable)
Will    .....        n - amulet of guardian spirit
Stlth   ++           (no ring)
HPRegen 0.29/turn    (no ring)
MPRegen 0.09/turn

%: guardian spirit
@: lethally poisoned (0 -> -1), tree-form, resistant
A: stationary, stasis, torment immunity, boosted hp, ignite blood 1, powered by
pain 1
a: no special abilities


You were on level 4 of the Dungeon.
You were a tree.
You visited 1 branch of the dungeon, and saw 4 of its levels.

You collected 248 gold pieces.

Inventory:

Hand Weapons
 a - a +0 shortbow (weapon)
Armour
 c - a +0 leather armour (melded)
 q - a +0 helmet (melded)
Jewellery
 n - an amulet of guardian spirit (around neck)
Talismans
 h - a serpent talisman
Wands
 o - a wand of acid (5)
 p - a wand of charming (8)
Scrolls
 b - a scroll of butterflies
 d - a scroll of enchant weapon {unknown}
 f - 6 scrolls of identify {unknown}
 g - a scroll of vulnerability {unknown}
 m - 2 scrolls of amnesia {unknown}
 r - a scroll of immolation {unknown}
Potions
 i - a potion of haste {unknown}
 j - a potion of resistance
 k - a potion of magic {unknown}
 l - a potion of degeneration {unknown}


   Skills:
 + Level 2.5 Fighting
 + Level 5.8 Ranged Weapons
 + Level 1.1 Armour
 + Level 1.9 Dodging
 + Level 1.3 Stealth


You had 4 spell levels left.
You didn't know any spells.
Your spell library was empty.

Dungeon Overview and Level Annotations

Branches:
Dungeon (4/15)
 Temple: D:4-7

Altars:
Okawaru
Qazlal
Yredelemnul

Shops:
D:1 [


Innate Abilities, Weirdness & Mutations

You are a tree.
Your roots penetrate the ground, keeping you stationary.
You cannot be teleported.
You are immune to unholy pain and torment.
Your maximum health is greatly increased.
Your equipment is partially melded.
Your demonic aura sometimes causes spilled blood to erupt in flames.
You sometimes gain a little power by taking damage.


Message History

The scorpion barely misses you.
You shoot an arrow.
The arrow hits the scorpion but does no damage.
The scorpion is severely wounded.
The scorpion closely misses you.
You shoot an arrow.
The arrow hits the scorpion but does no damage.
The scorpion is severely wounded.
The scorpion stings you.
* * * LOW HITPOINT WARNING * * *
You are poisoned.
The scorpion poisons you! The scorpion misses you.
You shoot an arrow. The arrow hits the scorpion.
The scorpion is severely wounded.
* * * LOW HITPOINT WARNING * * *
You feel very sick. The scorpion closely misses you.
Unknown command.
It was a potion of resistance.
You feel protected.
You feel sick. The scorpion stings you!
* * * LOW HITPOINT WARNING * * *
It was a potion of lignification.
You turn into a tree.
Your +0 helmet melds into your body.
Your +0 leather armour melds into your body.
Your roots penetrate the ground.
* * * LOW HITPOINT WARNING * * *
You feel sick.
The scorpion stings you but does no damage.
The scorpion completely misses you.
You shoot an arrow. The arrow hits the scorpion.
The scorpion is severely wounded.
* * * LOW HITPOINT WARNING * * *
You feel sick.
The scorpion stings you but does no damage.
You shoot an arrow. The arrow barely misses the scorpion.
* * * LOW HITPOINT WARNING * * *
You feel sick. The scorpion completely misses you.
You shoot an arrow. The arrow barely misses the scorpion.
You die...

.......#...#...[#
..........#...#....#
..........'...#....#
#.....######..##..######
#.....##..##..###'##...#
..............#.........
..............#.........
......s.......#.......[.
..<....♣......#.........
####..##..##..###....###
#####..##..##########
#...#........#.......
#...#....>...#.......
#...#......(.#.......
######.###+##...####..###
##..###.##..#########..###
#............#............


You could see a scorpion.

Vanquished Creatures
  Jessica (D:3)
  An iguana (D:4)
  Ijyb (D:3)
  9 adders
  4 dart slugs
  An orc (D:4)
  5 endoplasms
  5 giant cockroaches
  2 goblins
  3 hobgoblins (D:1)
  3 jackals (D:4)
  2 kobolds
  4 quokkas
  4 ball pythons
  5 bats
  3 frilled lizards
  A rat (D:3)
54 creatures vanquished.

Notes
Turn   | Place    | Note
-------+----------+-------------------------------------------
     0 | D:1      | thirtiethelement the Demonspawn Hunter began the quest for
                  | the Orb.
     0 | D:1      | Reached XP level 1. HP: 16/16 MP: 1/1
    75 | D:1      | Found Ixkos's Antique Armour Shop.
   100 | D:1      | Reached skill level 1 in Stealth
   250 | D:1      | Reached skill level 4 in Ranged Weapons
   250 | D:1      | Gained mutation: Your demonic aura sometimes causes spilled
                  | blood to erupt in flames. [demonic ancestry]
   250 | D:1      | Reached XP level 2. HP: 22/22 MP: 2/2
   907 | D:2      | Gained mutation: You sometimes gain a little power by
                  | taking damage. [demonic ancestry]
   907 | D:2      | Reached XP level 3. HP: 27/27 MP: 3/3
  1067 | D:2      | You fall into a shaft and drop 2 floors!
  1085 | D:4      | Reached skill level 5 in Ranged Weapons
  1085 | D:4      | Reached XP level 4. HP: 22/33 MP: 4/4
  1667 | D:3      | Reached XP level 5. HP: 38/38 MP: 5/5
  1709 | D:3      | Noticed Jessica
  1712 | D:3      | Killed Jessica
  1735 | D:3      | Noticed Ijyb
  1738 | D:3      | Killed Ijyb
  1739 | D:3      | Reached skill level 1 in Armour
  1853 | D:3      | Found a stormy altar of Qazlal.
  2210 | D:4      | Found a basalt altar of Yredelemnul.
  2210 | D:4      | Found an iron altar of Okawaru.
  2322 | D:4      | HP: 2/58 [poisoned by a scorpion]
  2325 | D:4      | Succumbed to a scorpion's poison

Illustrated notes

Levels and vault maps discovered:
D:1:      dpeg_arrival_refuge, layout_basic, serial_shops,
          nicolae_lakefront_shop, minmay_misc_feat_enclosed, interstate_on_off
D:2:      layout_loops_cross, minmay_crystal_water
D:3:      layout_loops_ring, nicolae_qazlal_general_emergency, minivault_11,
          uniq_ijyb, uniq_jessica
D:4:      layout_gridville, nicolae_overflow_macrodata_refinement,
          lemuel_temple_firewalk_b

Skill      XL: |  1  2  3  4  5 |
---------------+----------------+-----
Stealth        | 1 |  1.3
Ranged Weapons | 4 5 |  5.8
Armour         | 1 |  1.1
Fighting       | |  2.5
Dodging        | |  1.9

Action                     |  1- 3 |  4- 6 || total
---------------------------+-------+-------++-------
   Fire: Shortbow          |    81 |   101 ||   182
    Use: Potion            |       |     2 ||     2
 Armour: Leather armour    |     7 |    10 ||    17
         Skin              |       |     2 ||     2
  Dodge: Dodged            |    11 |    41 ||    52

Table legend: (Time is in decaauts)
 A = Elapsed time spent in this place.
 B = Non-inter-level travel time spent in this place.
 C = Inter-level travel time spent in this place.
 D = Time resting spent in this place.
 E = Time spent auto-exploring this place.
 F = Levels seen in this place.
 G = Mean time per level.
                   A        B        C        D        E       F      G
               +--------+--------+--------+--------+--------+-----+--------+
         Total |   2361 |   2321 |     40 |      0 |   1936 |   4 |  590.2 |
       Dungeon |   2361 |   2321 |     40 |      0 |   1936 |   4 |  590.2 |
               +--------+--------+--------+--------+--------+-----+--------+

Top non-repeatable levels by time:
     D:2: 728 daAuts
     D:3: 681 daAuts
     D:1: 671 daAuts
     D:4: 281 daAuts
